 Dungeon Crawl Stone Soup version 0.23.1 (webtiles) character file.

Game seed: 3351081152635441306

29 Borgoz the Sneak (level 3, -1/26 HPs)
             Began as a Ghoul Enchanter on Mar 14, 2019.
             Slain by an adder (2 damage)
             ... on level 3 of the Dungeon.
             The game lasted 00:02:15 (970 turns).

Borgoz the Sneak (Ghoul Enchanter)                   Turns: 970, Time: 00:02:15

Health: -1/26      AC:  2    Str: 11    XL:     3   Next: 16%
Magic:  4/5        EV: 12    Int: 10    God:
Gold:   58         SH:  0    Dex: 10    Spells: 0/6 levels left

rFire    . . .     SeeInvis .   a - +1 dagger
rCold    + . .     Gourm    .   (no shield)
rNeg     + + +     Faith    .   b - +0 robe
rPois    ∞         Spirit   .   (no helmet)
rElec    .         Reflect  .   f - scarf {cloud immunity}
rCorr    .         Harm     .   (no gloves)
MR       .....                  (no boots)
Stlth    ++........             (no amulet)
HPRegen  0.00/turn              (no ring)
MPRegen  0.09/turn              (no ring)

@: rotting
A: rotting body, claws 1, carnivore, cold resistance 1, negative energy
resistance 3, inhibited regeneration, torment resistance, unbreathing
a: no special abilities


You were on level 3 of the Dungeon.
You were not hungry.

You visited 1 branch of the dungeon, and saw 3 of its levels.

You collected 58 gold pieces.

Inventory:

Hand Weapons
 a - a +1 dagger (weapon)
Armour
 b - a +0 robe (worn)
 f - a scarf of cloud immunity (worn)
Scrolls
 c - a scroll of remove curse {unknown}
 e - a scroll of amnesia {unknown}
 g - a scroll of random uselessness {unknown}
 j - a scroll of fear {unknown}
Potions
 h - a potion of mutation {unknown}
Comestibles
 d - 2 rations


   Skills:
 + Level 1.2 Short Blades
 + Level 0.5 Armour
 + Level 2.1 Dodging
 + Level 3.6 Stealth
 + Level 2.0 Spellcasting
 + Level 2.6 Hexes


You couldn't memorise any spells.
You knew the following spells:

 Your Spells              Type           Power        Failure   Level  Hunger
a - Corona                Hex            #......      11%         1    ##.....
b - Ensorcelled Hibernat  Hex/Ice        #.....       26%         2    ###....
c - Confuse               Hex            #.......     32%         3    ####...

Your spell library contained the following spells:

 Spells                   Type           Power        Failure   Level  Hunger
 Tukima's Dance           Hex            #.......     32%         3    ####...
 Dazzling Spray           Conj/Hex       #.....       47%         3    ####...


Dungeon Overview and Level Annotations

Branches:
Dungeon (3/15)

Altars:
Okawaru

Annotations:
D:2 Sigmund


Innate Abilities, Weirdness & Mutations

Your body is rotting away.
You thrive on raw meat.
You are immune to poison.
You have sharp fingernails.
You are carnivorous and can eat meat at any time.
Your flesh is cold resistant. (rC+)
You are immune to negative energy. (rN+++)
You do not regenerate when monsters are visible.
You are immune to unholy pain and torment.
You can survive without breathing.


Message History

You eat the chunk of flesh.
This raw flesh tastes great!
The adder bites you.
* * * LOW HITPOINT WARNING * * *
Okay, then.
You miss the adder.
The adder is severely wounded.
The adder bites you.
* * * LOW HITPOINT WARNING * * *
The adder bites you.
* * * LOW HITPOINT WARNING * * *
You completely miss the adder.
The adder is severely wounded.
The adder misses you.
You hit the adder.
The adder is severely wounded.
The adder barely misses you.
Unknown command.
You closely miss the adder.
The adder is severely wounded.
The adder bites you.
You die...

...... .s.
...#.##..
#.#.....#
#.#.K...#
#.#..%..#
#.#.....#
#.#.....#
######.##.####
#......@SK#
#.####.####
#.# #... #.#
##### #.# #.#
#.# #.# #.#


You could see an adder and a kobold.

Vanquished Creatures
  An adder (D:2)
  A worm (D:2)
  3 giant cockroaches
  3 goblins
  A hobgoblin (D:2)
  A quokka (D:3)
  A bat (D:2)
  2 frilled lizards (D:1)
  2 kobolds (D:2)
  2 rats
17 creatures vanquished.

Notes
Turn   | Place    | Note
-------+----------+-------------------------------------------
     0 | D:1      | Borgoz the Ghoul Enchanter began the quest for the Orb.
     0 | D:1      | Reached XP level 1. HP: 14/14 MP: 2/2
    89 | D:1      | You fall through a shaft!
   113 | D:2      | Reached skill level 1 in Short Blades
   336 | D:2      | Reached XP level 2. HP: 10/20 MP: 3/3
   427 | D:3      | Reached XP level 3. HP: 19/26 MP: 5/5
   706 | D:2      | Found an iron altar of Okawaru.
   903 | D:2      | Learned a level 2 spell: Ensorcelled Hibernation
   907 | D:2      | Learned a level 3 spell: Confuse
   923 | D:2      | Noticed Sigmund
   967 | D:3      | HP: 1/26 [adder (3)]
   970 | D:3      | Slain by an adder

Skill      XL: |  1  2 |
---------------+-------+-----
Short Blades   | 1 |  1.2
Dodging        | 2 |  2.1
Spellcasting   | 2 |  2.0
Armour         | |  0.5
Stealth        | |  3.6
Hexes          | |  2.6

Action                   || total
-------------------------++-------
Melee: Dagger            ||    92
 Cast: Ensorcelled Hiber ||     1
  Use: Potion            ||     1
 Stab: Sleeping          ||     2
  Eat: Chunk             ||     7
Armor: Robe              ||    20
Dodge: Dodged            ||    74
